 Dungeon Crawl Stone Soup version 0.21-a0-504-g2eda330 (webtiles) character file.

3303 Gildeon the Basher (level 9, -2/75 (76) HPs)
             Began as a Minotaur Fighter on Nov 25, 2017.
             Was an Elder of Hepliaklqana.
             Slain by a two-headed ogre
             ... wielding a +0 giant spiked club
              (15 damage)
             ... on level 8 of the Dungeon.
             The game lasted 00:29:04 (6710 turns).

Gildeon the Basher (Minotaur Fighter)               Turns: 6710, Time: 00:29:04

HP:   -2/75 (76)    AC: 15    Str: 22    XL:     9   Next: 70%
MP:   8/8           EV:  6    Int:  7    God:    Hepliaklqana [****..]
Gold: 424           SH:  9    Dex: 10    Spells: 7/8 levels left

rFire    x . .     SeeInvis .   a - +0 flail
rCold    + . .     Gourm    .   c - +0 shield
rNeg     . . .     Faith    .   v - +0 chain mail
rPois    .         Spirit   .   (helmet restricted)
rElec    .         Reflect  .   j - +2 cloak
rCorr    .         Harm     .   (no gloves)
MR       .....                  (no boots)
Stlth    ..........             (no amulet)
HPRegen  0.22/turn              i - ring of flight
MPRegen  0.11/turn              d - ring of ice

@: no status effects
A: retaliatory headbutt, reduced essence, horns 2
a: Recall Ancestor, Ancestor Identity, Transference, Idealise, Renounce
Religion, Evoke Flight


You were on level 8 of the Dungeon.
You worshipped Hepliaklqana.
Hepliaklqana was greatly pleased with you.
You were not hungry.

You visited 1 branch of the dungeon, and saw 8 of its levels.

You collected 424 gold pieces.

Inventory:

Hand Weapons
 a - a +0 flail (weapon)
 D - a +2 spear of flaming
Missiles
 z - 2 throwing nets (quivered)
Armour
 c - a +0 shield (worn)
 j - a +2 cloak (worn)
 v - a +0 chain mail (worn)
Jewellery
 d - a ring of ice (right hand)
 g - a cursed ring of loudness {unknown}
 i - a ring of flight (left hand)
Wands
 b - a wand of digging (18)
 t - a wand of random effects (15)
 x - a wand of disintegration (24)
 F - a wand of flame (23)
Scrolls
 h - a scroll of fear
 o - a scroll of blinking
 r - 3 scrolls of teleportation
 y - 2 scrolls of remove curse
 E - a scroll of magic mapping
Potions
 e - 2 potions of flight
 k - a potion of agility
 m - a potion of degeneration {unknown}
 n - 2 potions of haste {unknown}
 q - 3 potions of heal wounds {unknown}
 s - a potion of berserk rage {unknown}
 u - 4 potions of mutation {unknown}
 w - 2 potions of brilliance {unknown}
Books
 C - a book of Misfortune

   Spells                             Type                      Level
   a - Confusing Touch                Hexes                        1
   b - Confuse                        Hexes                        3
   c - Gell's Gravitas                Translocation                3
   d - Petrify                        Transmutation/Earth          4
   e - Metabolic Englaciation         Hexes/Ice                    5
   f - Yara's Violent Unravelling     Hexes/Transmutation          5
Comestibles
 f - 7 bread rations
 l - 8 royal jellies
 p - 9 chunks of flesh
 A - 10 fruits
 B - 2 meat rations


   Skills:
 - Level 10.0 Fighting
 - Level 10.1 Maces & Flails
 + Level 9.9 Armour
 - Level 3.6 Shields
 - Level 0.2 Evocations


You had 7 spell levels left.
You knew the following spells:

 Your Spells              Type           Power        Failure   Level  Hunger
a - Confusing Touch       Hex            #.....       100%        1    ##.....


Dungeon Overview and Level Annotations

Branches:
Dungeon (8/15)             Temple (0/1) D:7
   Lair: D:8-11

Altars:
Ashenzari
Cheibriados
Dithmenos
Hepliaklqana
Nemelex Xobeh
Okawaru
Sif Muna
Trog
The Shining One


Innate Abilities, Weirdness & Mutations

You reflexively headbutt those who attack you in melee.
You have a pair of horns on your head.
Your life essence is reduced to manifest your ancestor. (-10% HP)


Message History

Found a war axe.
There is a stone staircase leading up here.
You sock the eye of draining! You headbutt the eye of draining.
The eye of draining is heavily wounded.
Marian hits the two-headed ogre with a flail.
You sock the eye of draining!
The eye of draining is severely wounded.
The two-headed ogre hits you with a giant spiked club!
The two-headed ogre hits you but does no damage.
You hit the eye of draining. You headbutt the eye of draining.
You kill the eye of draining!
The two-headed ogre hits you with a giant spiked club!!
The two-headed ogre hits you with a giant spiked club.
The two-headed ogre hits you with a giant spiked club! x2
* * * LOW HITPOINT WARNING * * *
Marian hits the two-headed ogre but does no damage.
Marian hits the two-headed ogre with a flail!
Marian hits the two-headed ogre with a flail!
The two-headed ogre hits you with a giant spiked club!
You die...

##+####+####
#...........
#..........
#.)........
#....#
##.O@.#####
#.R.........
#...........
#...........
############


You could see the friendly Marian the knight and a two-headed ogre.

Vanquished Creatures
  A hog (D:7)
  A human (D:7)
  Menkaure (D:7)
  A sky beast (D:2)
  A black bear (D:7)
  An ice beast (D:6)
  A necrophage (D:7)
  3 ogres
  An eye of draining (D:8)
  A centaur (D:7)
  3 bullfrogs
  A wyvern skeleton (D:6)
  A scorpion (D:7)
  A howler monkey (D:5)
  3 crimson imps
  A hound (D:5)
  A jelly (D:7)
  4 orc wizards
  A gnoll shaman (D:7)
  4 orc priests
  A bullfrog skeleton (D:6)
  2 iguanas
  Terence (D:2)
  4 worker ants
  A hound zombie (D:6)
  6 gnolls (D:7)
  6 adders
  A shadow imp (D:6)
  An ooze (D:2)
  4 worms (D:2)
  5 dart slugs
  6 leopard geckos
  9 orcs
  8 bats
  5 giant cockroaches
  10 goblins
  6 hobgoblins
  5 jackals
  7 kobolds
  4 quokkas
  A ball python (D:1)
  4 frilled lizards
  23 rats
152 creatures vanquished.

Vanquished Creatures (collateral kills)
  3 hogs (D:7)
  An orc warrior (D:6)
  A phantom (D:7)
  A bullfrog (D:7)
  A gnoll sergeant (D:7)
  A howler monkey (D:5)
  A crimson imp (D:7)
  A hound (D:7)
  A worker ant (D:7)
  An ooze (D:7)
  8 orcs
  2 goblins
  A hobgoblin (D:2)
  3 kobolds (D:3)
  A jackal zombie (D:3)
27 creatures vanquished.

Grand Total: 179 creatures vanquished

Notes
Turn   | Place    | Note
-------+----------+-------------------------------------------
     0 | D:1      | Gildeon the Minotaur Fighter began the quest for the Orb.
     0 | D:1      | Reached XP level 1. HP: 19/19 MP: 0/0
   175 | D:1      | Reached XP level 2. HP: 26/26 MP: 1/1
   471 | D:1      | Reached XP level 3. HP: 31/31 MP: 2/2
   891 | D:2      | Reached skill level 5 in Maces & Flails
   942 | D:2      | Found a hazy altar of Hepliaklqana.
   950 | D:2      | Became a worshipper of Hepliaklqana the Forgotten
   975 | D:2      | Reached XP level 4. HP: 35/35 MP: 3/3
  1040 | D:2      | Found a faded altar of an unknown god.
  1069 | D:2      | Noticed a sky beast
  1080 | D:2      | Killed a sky beast
  1080 | D:2      | Reached XP level 5. HP: 22/40 MP: 4/4
  1299 | D:2      | Noticed Terence
  1308 | D:2      | Killed Terence
  2051 | D:3      | Reached XP level 6. HP: 45/45 MP: 5/5
  2156 | D:3      | You fall through a shaft for 3 floors!
  2482 | D:5      | Entered Level 5 of the Dungeon
  2535 | D:5      | Reached * piety under Hepliaklqana
  2581 | D:5      | Reached XP level 7. HP: 50/51 MP: 6/6
  2856 | D:3      | Found an iron altar of Okawaru.
  3333 | D:4      | Reached ** piety under Hepliaklqana
  3334 | D:4      | Remembered your ancestor Marian as a knight
  3376 | D:4      | Found a glowing golden altar of the Shining One.
  3709 | D:5      | Found a snail-covered altar of Cheibriados.
  3838 | D:5      | Found a shattered altar of Ashenzari.
  3870 | D:5      | Reached skill level 10 in Maces & Flails
  4036 | D:5      | Found a deep blue altar of Sif Muna.
  4036 | D:5      | Found a sparkling altar of Nemelex Xobeh.
  4317 | D:5      | Reached skill level 5 in Fighting
  4469 | D:6      | Reached XP level 8. HP: 24/63 MP: 7/7
  4691 | D:6      | Reached *** piety under Hepliaklqana
  4764 | D:6      | Found a bloodstained altar of Trog.
  4774 | D:6      | Found a shadowy altar of Dithmenos.
  5735 | D:7      | Reached **** piety under Hepliaklqana
  5749 | D:7      | Reached skill level 10 in Fighting
  6008 | D:7      | Noticed Menkaure
  6017 | D:7      | Killed Menkaure
  6017 | D:7      | Reached skill level 5 in Armour
  6017 | D:7      | Reached XP level 9. HP: 56/75 MP: 8/8
  6101 | D:7      | Learned a level 1 spell: Confusing Touch
  6314 | D:7      | Found a staircase to the Ecumenical Temple.
  6702 | D:8      | Noticed a two-headed ogre
  6710 | D:8      | Slain by a two-headed ogre

Vault maps used:
D:1:      lightli_arrival_farm, serial_forest, infiniplex_forest_lined_3_way,
          infiniplex_forest_straight_5, infiniplex_forest_end_1,
          infiniplex_forest_clump_medium, infiniplex_forest_straight_3,
          minmay_tetromino_o4
D:2:      nicolae_overflow_crystal_walls,
          chequers_ecumenical_altar_simple_redux, minmay_rat_gold_closets,
          uniq_terence
D:3:      lemuel_round_altar, first_bread, portal_sewer_entry_d
D:4:      overflow_temple_1_default, due_unseen_surprise
D:5:      cheibrodos_ashenzari_chains, gammafunk_temple_overflow_elements,
          basic_altar, minmay_misc_feat_hallway
D:6:      kennysheep_mini, grunt_dithmenos_shadows
D:7:      minmay_temple_entry_overgrown, grunt_livestock, uniq_menkaure
D:8:      minmay_the_grid_triangle_9x9_rhombus_thin, special_room

Skill      XL: |  1  2  3  4  5  6  7  8  9 |
---------------+----------------------------+-----
Maces & Flails | 3 4 5 6 7 9 10 | 10.1
Fighting       | 6 10 | 10.0
Armour         | 5 9 |  9.9
Shields        | |  3.6
Evocations     | |  0.2

Action                   |  1- 3 |  4- 6 |  7- 9 || total
-------------------------+-------+-------+-------++-------
Melee: Flail             |   106 |   148 |   213 ||   467
       Headbutt          |     9 |    24 |    43 ||    76
Invok: Ancestor Identity |     1 |       |     1 ||     2
       Recall Ancestor   |       |     1 |     1 ||     2
       Ancestor Life: Kn |       |       |     1 ||     1
Evoke: Wand              |       |     4 |       ||     4
  Use: Scroll            |     4 |       |     9 ||    13
       Potion            |       |     1 |     4 ||     5
 Stab: Distracted        |       |     1 |     1 ||     2
  Eat: Chunk             |       |     5 |     4 ||     9
       Meat ration       |       |       |     1 ||     1
       Bread ration      |       |       |     1 ||     1
Armor: Scale mail        |    34 |    51 |       ||    85
       Chain mail        |       |    29 |    97 ||   126
Dodge: Dodged            |    31 |    38 |    47 ||   116
Block: Shield            |    38 |    76 |   103 ||   217

Table legend:
 A = Spawn XP
 B = Non-spawn XP
 C = Spawn XP percentage of total XP
 D = Spawn monster count
 E = Non-spawn monster count
 F = Spawn count percentage of total count
 G = Total turns spent on level
                    A         B        C        D         E        F      G
               +---------+---------+-------+---------+---------+-------+---------
         Total |       0 |    4719 |   0.0 |       0 |     179 |   0.0 |  6710
               +---------+---------+-------+---------+---------+-------+---------
           D:1 |       0 |      53 |   0.0 |       0 |      29 |   0.0 |   850
           D:2 |       0 |     292 |   0.0 |       0 |      42 |   0.0 |  1123
           D:3 |       0 |     151 |   0.0 |       0 |      32 |   0.0 |   562
           D:4 |       0 |      88 |   0.0 |       0 |       3 |   0.0 |   628
           D:5 |       0 |     476 |   0.0 |       0 |      16 |   0.0 |   918
           D:6 |       0 |     926 |   0.0 |       0 |      21 |   0.0 |  1414
           D:7 |       0 |    2612 |   0.0 |       0 |      35 |   0.0 |  1207
           D:8 |       0 |     121 |   0.0 |       0 |       1 |   0.0 |     8
               +---------+---------+-------+---------+---------+-------+---------
